 Dungeon Crawl Stone Soup version 0.18.1-5-g4a78601 (webtiles) character file.

64400 Mefis the Thaumaturge (level 14, -13/61 HPs)
             Began as a Deep Elf Wizard on May 10, 2016.
             Was a High Priest of Sif Muna.
             Killed from afar by a merfolk aquamancer (39 damage)
             ... with a great wave of water
             ... on level 1 of the Shoals.
             The game lasted 02:58:23 (33450 turns).

Mefis the Thaumaturge (Deep Elf Wizard)            Turns: 33450, Time: 02:58:24

Health: -13/61     AC: 17    Str:  5    XL:     14   Next: 71%
Magic:  4/32       EV: 22    Int: 30    God:    Sif Muna [*****.]
Gold:   1654       SH:  4    Dex: 19    Spells: 10 memorised, 2 levels left

rFire  + . .     SeeInvis .     D - +3 rod of shadows (13/13)
rCold  . . .     Gourm    .     F - +0 robe of Okawaru's Envy {rElec rCorr Dex+2}
rNeg   . . .     Faith    .     (no shield)
rPois  .         Spirit   .     h - +2 helmet
rElec  +         Dismiss  .     k - +3 cloak "Ceesufru" {Dex+4}
rCorr  +         Reflect  +     (no gloves)
SustAt .         Harm     .     j - +2 pair of boots
MR     +....     Clarity  +     q - +4 amulet of reflection
Stlth  ++++......               t - ring of protection from fire
                                C - +3 ring of protection

@: repel missiles, somewhat resistant to hostile enchantments, stealthy
A: talons 1, yellow scales 1, berserk 1, clarity, clever 1, frail 1, evolution
1, sturdy frame 1
a: Channel Energy, Forget Spell, Renounce Religion


You were on level 1 of the Shoals.
You worshipped Sif Muna.
Sif Muna was extremely pleased with you.
You were hungry.

You visited 4 branches of the dungeon, and saw 23 of its levels.

You collected 1654 gold pieces.

Inventory:

Hand Weapons
 a - a +0 blowgun
Missiles
 u - 2 throwing nets (quivered)
 z - 4 curare-tipped needles
Armour
 h - a +2 helmet (worn)
 j - a +2 pair of boots (worn)
 k - the +3 cloak "Ceesufru" (worn) {Dex+4}
   (You acquired it on level 1 of the Lair of Beasts)

   It affects your dexterity (+4).
 F - the +0 robe of Okawaru's Envy (worn) {rElec rCorr Dex+2}
   (You found it on level 4 of the Dungeon)

   It affects your dexterity (+2).
   It insulates you from electricity.
   It protects you from acid and corrosion.
Rods
 D - a +3 rod of shadows (13/13) (in hand)
   (You found it on level 4 of the Dungeon)
Jewellery
 q - a +4 amulet of reflection (around neck)
 t - a ring of protection from fire (right hand)
 C - a +3 ring of protection (left hand)
 Q - an uncursed ring of protection from cold
Wands
 B - a wand of teleportation (1/9)
 J - a wand of paralysis (5/24)
Scrolls
 b - a scroll of identify
 d - a scroll of blinking
 g - 6 scrolls of teleportation
 m - 2 scrolls of magic mapping
 s - 3 scrolls of fog
 y - 10 scrolls of remove curse
 A - 3 scrolls of fear
Potions
 e - a potion of lignification {unknown}
 i - a potion of cure mutation
 r - a potion of resistance
 w - 4 potions of agility
 x - 4 potions of heal wounds
 H - 4 potions of haste
 I - a potion of flight
 N - 2 potions of curing
Books
 c - Sif Muna's Reference Book on Necromancy and Contamination
   (Sif Muna gifted it to you on level 7 of the Lair of Beasts)

   Spells                             Type                      Level
   a - Pain                           Necromancy                   1
   b - Olgreb's Toxic Radiance        Poison                       4
   c - Cigotuvi's Embrace             Necromancy                   5
   d - Poisonous Cloud                Conjuration/Poison/Air       6
 L - a book of Debilitation

   Spells                             Type                      Level
   a - Corona                         Hexes                        1
   b - Slow                           Hexes                        2
   c - Gell's Gravitas                Hexes/Translocation          3
   d - Inner Flame                    Hexes/Fire                   3
   e - Cause Fear                     Hexes                        4
   f - Leda's Liquefaction            Hexes/Earth                  4
 M - Qoph's Volume of Intoxication and Curses
   (Sif Muna gifted it to you on level 7 of the Lair of Beasts)

   Spells                             Type                      Level
   a - Confuse                        Hexes                        3
   b - Tukima's Dance                 Hexes                        3
   c - Spectral Weapon                Hexes/Charms                 3
   d - Yara's Violent Unravelling     Hexes/Transmutation          5
   e - Poison Arrow                   Conjuration/Poison           6
   f - Invisibility                   Hexes                        6
   g - Discord                        Hexes                        8
 R - a book of the Tempests

   Spells                             Type                      Level
   a - Static Discharge               Conjuration/Air              3
   b - Lightning Bolt                 Conjuration/Air              5
   c - Fireball                       Conjuration/Fire             5
   d - Tornado                        Air                          9
   e - Shatter                        Earth                        9
 S - an Akashic Record

   Spells                             Type                      Level
   a - Dispersal                      Translocation                6
   b - Malign Gateway                 Summoning/Translocation      7
   c - Disjunction                    Translocation                8
   d - Controlled Blink               Translocation                8
 T - a book of Conjurations

   Spells                             Type                      Level
   a - Magic Dart                     Conjuration                  1
   b - Searing Ray                    Conjuration                  2
   c - Dazzling Spray                 Conjuration/Hexes            3
   d - Fulminant Prism                Conjuration/Hexes            4
   e - Iskenderun's Mystic Blast      Conjuration                  4
   f - Iskenderun's Battlesphere      Conjuration/Charms           5
 U - a book of Necromancy

   Spells                             Type                      Level
   a - Pain                           Necromancy                   1
   b - Animate Skeleton               Necromancy                   1
   c - Vampiric Draining              Necromancy                   3
   d - Regeneration                   Charms/Necromancy            3
   e - Animate Dead                   Necromancy                   4
   f - Control Undead                 Necromancy                   4
 W - a book of Transfigurations

   Spells                             Type                      Level
   a - Irradiate                      Conjuration/Transmutation    5
   b - Statue Form                    Transmutation/Earth          6
   c - Hydra Form                     Transmutation                6
   d - Dragon Form                    Transmutation                7
Comestibles
 f - 4 meat rations
 p - 8 beef jerkies
 G - 28 fruits
 X - 3 royal jellies
 Y - a slice of pizza


   Skills:
 + Level 11.4 Dodging
 - Level 9.0 Stealth
 + Level 12.2 Spellcasting
 + Level 11.3 Conjurations
 + Level 10.2 Hexes
 - Level 11.8 Charms
   Level 4.2 Summonings
 + Level 8.8 Necromancy
 + Level 5.1 Translocations
 * Level 8.1 Fire Magic
 - Level 2.8 Air Magic
 * Level 5.9 Poison Magic
 + Level 7.3 Invocations
 - Level 5.9 Evocations


You had 2 spell levels left.
You knew the following spells:

 Your Spells              Type           Power        Failure   Level  Hunger
a - Magic Dart            Conj           ####         1%          1    None
c - Blink                 Tloc           N/A          1%          2    None
d - Poison Arrow          Conj/Pois      ######....   14%         6    ####...
f - Fireball              Conj/Fire      ######....   1%          5    ##.....
h - Confuse               Hex            ######..     1%          3    None
m - Iskenderun's Battles  Conj/Chrm      ######..     1%          5    ##.....
p - Repel Missiles        Chrm/Air       ######       1%          2    None
q - Swiftness             Chrm/Air       ######..     1%          2    None
s - Bolt of Fire          Conj/Fire      ######....   10%         6    ####...
w - Regeneration          Chrm/Necr      ######....   1%          3    None


Dungeon Overview and Level Annotations

Branches:
Dungeon (13/15)            Temple (1/1) D:7            Lair (8/8) D:10
 Shoals (1/4) Lair:6        Snake (0/4) Lair:6        Slime (0/6) Lair:6
    Orc (0/2) D:11
 Vaults: D:13-14

Altars:
Ashenzari
Cheibriados
Dithmenos
Elyvilon
Fedhas
Gozag
Kikubaaqudgha
Makhleb
Nemelex Xobeh
Okawaru
Pakellas
Qazlal
Ru
Sif Muna
Trog
Vehumet
Xom
Yredelemnul
Zin
The Shining One

Annotations:
D:8 Uhlv's ghost, novice GrMo
D:9 crystal vault


Innate Abilities, Weirdness & Mutations

You have sharp toenails.
You are partially covered in yellow scales (AC +2).
You tend to lose your temper in combat.
You possess an exceptional clarity of mind.
Your mind is acute. (Int +2)
You are frail (-10% HP).
You evolve.
Your movements are slightly less encumbered by armour (ER -2).


Message History

A merfolk aquamancer comes into view. It is wielding a rapier of flaming.
Casting: Fireball
Confirm with . or Enter, or press ? or * to list all spells.
You blink. 2 water elementals come into view.
The merfolk aquamancer completely misses you.
The merfolk hits you from afar with a trident of freezing!
The merfolk freezes you.
Found a stone staircase leading down.
Read which item? (? for menu, Esc to quit)
As you read the scroll of fear, it crumbles to dust.
You assume a fearsome visage.
The merfolk aquamancer resists with almost no effort.
The merfolk looks frightened!
The water elemental is unaffected. x2
The merfolk looks frightened!
The merfolk seems to regain its courage.
The merfolk aquamancer casts a spell at you.
The great wave of water hits you!
Ouch! That really hurt!
You die...

..≈≈....###.(...≈≈≈≈≈≈≈≈
........###.....≈...≈≈≈≈
≈≈≈... #.............≈≈≈
≈≈≈≈..###..§.#....≈≈...≈
≈≈≈≈≈....>).##.........≈
≈≈≈≈≈≈.≈≈....#..........
≈≈≈..mm≈≈....≈.....##...
m≈.##($≈.≈≈.......# #. .
##@.≈≈≈.......#
..>..Pm..≈≈≈.†..#...
..≈≈≈≈..≈≈≈≈.......
#..PP≈.≈≈≈≈≈......
##..≈.PE.≈≈.......
..PE.≈P.P.≈.####
m≈≈≈≈≈≈≈.P..#
≈≈≈≈≈≈≈P....#


You could see a merfolk aquamancer, 3 merfolk and 2 water elementals.

Vanquished Creatures
  Rupert (Lair:7)
  Gastronok (D:8)
  A fire dragon (Lair:8)
  6 hydras
  Harold (D:12)
  6 death yaks
  The ghost of CcS the Cleaver, a novice NaBe of Trog (D:7)
  An unseen horror (D:10)
  4 ugly things
  3 griffons
  2 statues (D:10)
  11 elephants
  A manticore (Shoals:1)
  2 slime creatures (D:12)
  8 black mambas
  4 centaur zombies
  Psyche (D:8)
  Joseph (D:10)
  A water nymph (Shoals:1)
  15 spiny frogs
  2 rime drakes
  12 komodo dragons
  A troll (D:11)
  A wind drake (Shoals:1)
  35 blink frogs
  A two-headed ogre (D:12)
  28 yaks
  7 basilisks
  A wraith (D:13)
  3 wyverns
  A hungry ghost (D:12)
  6 hippogriffs
  4 steam dragons (Lair:8)
  A naga (Lair:6)
  2 wargs (D:11)
  A mottled dragon (Lair:8)
  13 water moccasins
  Edmund (D:4)
  5 swamp worms (Lair:2)
  13 porcupines
  5 sky beasts
  5 phantoms
  8 orc warriors
  2 ice beasts
  2 necrophages
  2 black bears (D:9)
  7 ogres
  6 centaurs
  17 wolves
  13 crocodiles
  2 big kobolds (D:10)
  A gnoll sergeant (D:6)
  19 giant frogs
  A wyvern zombie (D:11)
  3 scorpions
  3 killer bees (D:10)
  4 wights (D:9)
  6 crimson imps
  2 electric eels (Lair:5)
  5 howler monkeys
  A giant frog zombie (D:11)
  9 hounds
  8 orc priests
  4 jellies
  12 orc wizards
  Crazy Yiuf (D:5)
  15 iguanas
  Natasha (twice) (D:4)
  4 worker ants
  40 sheep
  A hound zombie (D:5)
  7 gnolls
  77 river rats
  17 adders
  4 shadow imps
  2 oozes
  2 adder zombies
  An adder skeleton (D:4)
  16 worms
  A dart slug (D:2)
  8 giant geckos
  45 orcs
  4 giant cockroaches
  2 hobgoblins
  9 jackals
  6 quokkas
  A ball python (D:4)
  5 bats
  8 giant newts
  2 goblins
  10 kobolds
  A quokka skeleton (D:7)
  7 rats
  A bush (D:10)
  2 fungi
  A plant (Lair:8)
658 creatures vanquished.

Vanquished Creatures (collateral kills)
  3 death yaks (Lair:4)
  An elephant (Lair:4)
  A yak (Lair:6)
  Menkaure (D:4)
  A phantom (D:4)
  An eye of draining (D:11)
  A hound (D:6)
  A worker ant (D:5)
  An adder (D:10)
11 creatures vanquished.

Vanquished Creatures (others)
  6 bushes (Lair:4)
  21 fungi
  23 plants
50 creatures vanquished.

Grand Total: 719 creatures vanquished

Notes
Turn   | Place    | Note
--------------------------------------------------------------
     0 | D:1      | Mefis the Deep Elf Wizard began the quest for the Orb.
     0 | D:1      | Reached XP level 1. HP: 10/10 MP: 7/7
   212 | D:1      | Reached skill level 5 in Spellcasting
   212 | D:1      | Reached XP level 2. HP: 15/15 MP: 2/10
   277 | D:1      | Learned a level 2 spell: Call Imp
   280 | D:1      | Learned a level 2 spell: Blink
   283 | D:1      | Learned a level 2 spell: Repel Missiles
   729 | D:2      | Reached XP level 3. HP: 19/19 MP: 3/11
   962 | D:2      | Learned a level 3 spell: Mephitic Cloud
  1335 | D:2      | Reached XP level 4. HP: 23/24 MP: 5/13
  2044 | D:3      | Reached skill level 1 in Poison Magic
  2225 | D:3      | Reached XP level 5. HP: 28/28 MP: 8/15
  2481 | D:3      | Found a shattered altar of Ashenzari.
  2685 | D:4      | Identified a +1 rod of shadows (12/12) (You found it on level 4 of the Dungeon)
  2707 | D:4      | Learned a level 3 spell: Conjure Flame
  2710 | D:4      | Learned a level 2 spell: Swiftness
  2720 | D:4      | Reached skill level 6 in Spellcasting
  2872 | D:4      | Got a slimy robe
  2883 | D:4      | Identified the cursed +0 robe of Okawaru's Envy {rElec rCorr Dex+2} (You found it on level 4 of the Dungeon)
  2888 | D:4      | Found a stormy altar of Qazlal.
  3095 | D:4      | Noticed a phantom
  3128 | D:4      | Killed a phantom
  3128 | D:4      | Reached skill level 1 in Charms
  3128 | D:4      | Reached XP level 6. HP: 10/32 MP: 2/17
  3405 | D:4      | Noticed Menkaure
  3426 | D:4      | Killed Menkaure
  3517 | D:4      | Reached skill level 1 in Fire Magic
  3691 | D:4      | Noticed Natasha
  3697 | D:4      | Killed Natasha
  3697 | D:4      | Reached XP level 7. HP: 36/36 MP: 11/18
  3846 | D:4      | Noticed Edmund
  3862 | D:4      | Killed Edmund
  3862 | D:4      | Reached skill level 1 in Air Magic
  3862 | D:4      | Reached skill level 1 in Evocations
  4157 | D:4      | Noticed Natasha
  4426 | D:4      | Killed Natasha
  4631 | D:5      | Entered Level 5 of the Dungeon
  5035 | D:5      | Reached XP level 8. HP: 35/41 MP: 11/20
  5354 | D:5      | Found a blossoming altar of Fedhas.
  5370 | D:5      | Reached skill level 7 in Spellcasting
  5682 | D:5      | Reached skill level 5 in Dodging
  5722 | D:5      | Found a bloodstained altar of Trog.
  6142 | D:5      | Noticed Crazy Yiuf
  6151 | D:5      | Killed Crazy Yiuf
  6315 | D:5      | Learned a level 3 spell: Inner Flame
  6441 | D:6      | Reached skill level 5 in Stealth
  6441 | D:6      | Reached skill level 1 in Hexes
  7458 | D:6      | Reached XP level 9. HP: 16/45 MP: 0/21
  8585 | D:6      | Found a basalt altar of Yredelemnul.
  8585 | D:6      | Found an oddly glowing altar of Pakellas.
  9177 | D:7      | Found a staircase to the Ecumenical Temple.
  9195 | Temple   | Entered the Ecumenical Temple
  9272 | Temple   | Became a worshipper of Elyvilon the Healer
  9390 | D:7      | Noticed CcS's ghost (novice NaBe)
  9400 | D:7      | Was placed under penance by Elyvilon
  9429 | D:7      | Killed CcS's ghost
  9429 | D:7      | Reached skill level 5 in Hexes
  9893 | D:7      | Fell from the grace of Elyvilon
  9896 | D:7      | Reached skill level 5 in Conjurations
  9933 | D:7      | Found an opulent altar of Gozag.
 10023 | D:8      | Noticed Psyche
 10034 | D:8      | Noticed Uhlv's ghost (novice GrMo)
 10035 | D:8      | Killed Psyche
 10035 | D:8      | Reached skill level 8 in Spellcasting
 10279 | D:8      | Found a deep blue altar of Sif Muna.
 10284 | D:8      | Became a worshipper of Sif Muna the Loreminder
 10291 | D:8      | Learned a level 5 spell: Iskenderun's Battlesphere
 11066 | D:8      | Reached XP level 10. HP: 48/50 MP: 11/24
 11426 | D:8      | Noticed Gastronok
 11449 | D:8      | Killed Gastronok
 11449 | D:8      | Reached * piety under Sif Muna
 11449 | D:8      | Reached skill level 9 in Spellcasting
 11449 | D:8      | Reached skill level 5 in Evocations
 11727 | D:8      | Learned a level 3 spell: Regeneration
 11757 | D:9      | Reached skill level 5 in Charms
 12040 | D:9      | Reached skill level 1 in Necromancy
 12506 | D:9      | Found an ancient bone altar of Kikubaaqudgha.
 13250 | D:9      | Gained mutation: You evolve. [mutagenic meat]
 13251 | D:9      | Gained mutation: Your magical capacity is low (-10% MP). [mutagenic meat]
 13252 | D:9      | Lost mutation: Your magical capacity is low (-10% MP). [potion of cure mutation]
 13252 | D:9      | Lost mutation: You evolve. [potion of cure mutation]
 13253 | D:9      | Gained mutation: You are clumsy. (Dex -2) [mutagenic meat]
 13254 | D:9      | Gained mutation: You have a pair of small horns on your head. [mutagenic meat]
 13339 | D:10     | Entered Level 10 of the Dungeon
 13394 | D:10     | Killed an unseen horror
 13394 | D:10     | Reached ** piety under Sif Muna
 13394 | D:10     | Reached XP level 11. HP: 22/54 MP: 18/26
 13780 | D:10     | Noticed Joseph
 13786 | D:10     | Killed Joseph
 13962 | D:10     | Noticed an archer statue
 14052 | D:10     | Killed an archer statue
 14057 | D:10     | Noticed an archer statue
 14407 | D:10     | Killed an archer statue
 14877 | D:10     | Found a staircase to the Lair.
 15071 | Lair:1   | Entered Level 1 of the Lair of Beasts
 15245 | Lair:1   | Lost mutation: You have a pair of small horns on your head. [potion of cure mutation]
 15245 | Lair:1   | Lost mutation: You are clumsy. (Dex -2) [potion of cure mutation]
 15654 | D:11     | Found a staircase to the Orcish Mines.
 16129 | D:11     | Noticed a purple ugly thing
 16150 | D:11     | Killed a purple ugly thing
 16247 | D:11     | Gained mutation: Your mind is acute. (Int +2) [mutagenic meat]
 16248 | D:11     | Gained mutation: Your movements are slightly less encumbered by armour (ER -2). [mutagenic meat]
 16249 | D:11     | Gained mutation: You evolve. [mutagenic meat]
 16470 | D:12     | Noticed a brown ugly thing
 16470 | D:12     | Noticed Harold
 16497 | D:11     | Learned a level 2 spell: Searing Ray
 16512 | D:12     | Reached skill level 1 in Invocations
 16615 | D:12     | Reached *** piety under Sif Muna
 16619 | D:12     | Reached skill level 10 in Spellcasting
 16687 | D:12     | Noticed a white ugly thing
 16689 | D:12     | Killed a white ugly thing
 17209 | D:12     | Killed a brown ugly thing
 17221 | D:12     | Gained mutation: You are partially covered in yellow scales (AC +2). [mutagenic meat]
 17222 | D:12     | Gained mutation: You are weak. (Str -2) [mutagenic meat]
 17223 | D:12     | Gained mutation: You tend to lose your temper in combat. [mutagenic meat]
 17529 | D:12     | Killed Harold
 17701 | D:13     | Noticed a brown ugly thing
 17711 | D:12     | Killed a brown ugly thing
 17711 | D:12     | Reached **** piety under Sif Muna
 17711 | D:12     | Reached XP level 12. HP: 59/59 MP: 13/28
 17802 | D:12     | Learned a level 4 spell: Cause Fear
 18198 | Lair:1   | Lost mutation: You tend to lose your temper in combat. [evolution]
 19552 | Lair:2   | Learned a level 5 spell: Irradiate
 19651 | Lair:2   | Noticed a six-headed hydra
 19660 | Lair:2   | Killed a six-headed hydra
 19660 | Lair:2   | Reached skill level 5 in Necromancy
 20270 | Lair:2   | Gained mutation: You have sharp toenails. [evolution]
 20328 | Lair:2   | Reached skill level 10 in Charms
 21220 | Lair:3   | Noticed an eight-headed hydra
 21225 | Lair:3   | Killed an eight-headed hydra
 21229 | Lair:3   | Reached skill level 10 in Conjurations
 21337 | Lair:3   | Noticed a seven-headed hydra
 21342 | Lair:3   | Killed a seven-headed hydra
 21342 | Lair:3   | Reached ***** piety under Sif Muna
 21534 | Lair:3   | Reached skill level 11 in Spellcasting
 21952 | Lair:3   | Learned a level 6 spell: Bolt of Fire
 22139 | Lair:4   | Gained mutation: You are frail (-10% HP). [evolution]
 22149 | Lair:4   | Noticed a death yak
 22150 | Lair:4   | Noticed a death yak
 22168 | Lair:4   | Killed a death yak
 22168 | Lair:4   | Reached skill level 10 in Dodging
 22270 | Lair:4   | Noticed a death yak
 22272 | Lair:4   | Noticed a death yak
 22276 | Lair:4   | Noticed a death yak
 22279 | Lair:4   | Noticed a death yak
 22788 | Lair:5   | Reached skill level 5 in Invocations
 23190 | Lair:5   | Identified 2 scrolls of acquirement
 23198 | Lair:5   | Noticed a seven-headed hydra
 23204 | Lair:5   | Killed a seven-headed hydra
 23204 | Lair:5   | Reached XP level 13. HP: 56/56 MP: 14/30
 23844 | Lair:1   | Gained mutation: You possess an exceptional clarity of mind. [potion of mutation]
 23844 | Lair:1   | Gained mutation: You tend to lose your temper in combat. [potion of mutation]
 23846 | Lair:1   | Got a distressingly furry cloak
 23857 | Lair:1   | Identified the +3 cloak "Ceesufru" {Dex+4} (You acquired it on level 1 of the Lair of Beasts)
 24654 | Lair:4   | Reached skill level 5 in Fire Magic
 25026 | Lair:5   | Learned a level 4 spell: Leda's Liquefaction
 26319 | Lair:6   | Found a staircase to the Snake Pit.
 26395 | Lair:6   | Found a staircase to the Shoals.
 26574 | Lair:6   | Learned a level 4 spell: Fulminant Prism
 26873 | Lair:6   | Found a staircase to the Slime Pits.
 27896 | Lair:7   | Reached ****** piety under Sif Muna
 27896 | Lair:7   | Received a gift from Sif Muna
 27897 | Lair:7   | Identified Qoph's Volume of Intoxication and Curses (Sif Muna gifted it to you on level 7 of the Lair of Beasts)
 27903 | Lair:7   | Learned a level 3 spell: Confuse
 27911 | Lair:7   | Learned a level 6 spell: Invisibility
 28081 | Lair:7   | Noticed Rupert
 28115 | Lair:8   | Entered Level 8 of the Lair of Beasts
 28757 | Lair:8   | Reached XP level 14. HP: 36/61 MP: 0/31
 29759 | Lair:8   | Learned a level 6 spell: Poison Arrow
 30413 | Lair:8   | Reached skill level 12 in Spellcasting
 31423 | Lair:7   | Lost mutation: You are weak. (Str -2) [evolution]
 31515 | Lair:7   | Reached skill level 10 in Hexes
 31735 | Lair:7   | Reached skill level 5 in Poison Magic
 32519 | Lair:7   | Paralysed by Rupert for 4 turns
 32560 | Lair:7   | Killed Rupert
 32708 | Lair:7   | Received a gift from Sif Muna
 32718 | Lair:7   | Identified Sif Muna's Reference Book on Necromancy and Contamination (Sif Muna gifted it to you on level 7 of the Lair of Beasts)
 33154 | Lair:6   | Reached skill level 5 in Translocations
 33290 | Shoals:1 | Entered Level 1 of the Shoals
 33378 | Shoals:1 | Learned a level 5 spell: Fireball
 33450 | Shoals:1 | Killed from afar by a merfolk aquamancer

Skill      XL: |  1  2  3  4  5  6  7  8  9 10 11 12 13 14 |
---------------+-------------------------------------------+-----
Spellcasting   | 5 6 7 8 9 10 11 12 | 12.2
Dodging        | 3 4 5 6 7 9 10 11 | 11.4
Summonings     | 2 3 4 |  4.2
Poison Magic   | 1 2 4 5 |  5.9
Stealth        | 3 4 5 6 8 9 |  9.0
Conjurations   | 2 3 5 7 9 10 11 | 11.3
Charms         | 1 2 4 6 9 10 11 | 11.8
Fire Magic     | 1 2 3 6 8 |  8.1
Air Magic      | 1 2 |  2.8
Evocations     | 2 3 4 5 |  5.9
Hexes          | 2 5 6 8 9 10 | 10.2
Translocations | 2 3 5 |  5.1
Necromancy     | 2 4 6 8 |  8.8
Invocations    | 2 5 6 7 |  7.3

Action                   |  1- 3 |  4- 6 |  7- 9 | 10-12 | 13-15 || total
-------------------------+-------+-------+-------+-------+-------++-------
Melee: Dagger            |       |     1 |       |       |       ||     1
       Staff             |       |       |       |   163 |       ||   163
       Headbutt          |       |       |       |    35 |       ||    35
 Fire: Shortbow          |       |       |    61 |       |       ||    61
Throw: Tomahawk          |     1 |       |    12 |       |       ||    13
 Cast: Magic Dart        |    74 |   158 |   454 |   568 |   549 ||  1803
       Repel Missiles    |     2 |       |     1 |       |       ||     3
       Call Imp          |     1 |     3 |     3 |       |       ||     7
       Mephitic Cloud    |       |     1 |    21 |    16 |       ||    38
       Conjure Flame     |       |     1 |    18 |     7 |       ||    26
       Blink             |       |       |     4 |     9 |    10 ||    23
       Inner Flame       |       |       |     3 |     4 |       ||     7
       Iskenderun's Batt |       |       |     4 |   124 |   108 ||   236
       Regeneration      |       |       |       |     5 |     3 ||     8
       Swiftness         |       |       |       |     1 |     1 ||     2
       Searing Ray       |       |       |       |     1 |       ||     1
       Cause Fear        |       |       |       |     5 |     1 ||     6
       Bolt of Fire      |       |       |       |     3 |    33 ||    36
       Irradiate         |       |       |       |       |     5 ||     5
       Leda's Liquefacti |       |       |       |       |     2 ||     2
       Confuse           |       |       |       |       |     1 ||     1
       Poison Arrow      |       |       |       |       |    40 ||    40
       Invisibility      |       |       |       |       |     4 ||     4
       Fireball          |       |       |       |       |     1 ||     1
Invok: Channel Energy    |       |       |       |     9 |    67 ||    76
       Forget Spell      |       |       |       |     4 |     6 ||    10
Evoke: Rod               |       |     5 |    17 |    10 |    14 ||    46
       Wand              |       |       |       |     4 |     2 ||     6
       Staff of energy   |       |       |       |       |     3 ||     3
  Use: Scroll            |       |       |     8 |    12 |    21 ||    41
       Potion            |       |       |       |     3 |     6 ||     9
 Stab: Sleeping          |       |     1 |       |       |       ||     1
  Eat: Chunk             |     1 |     5 |    19 |    43 |    38 ||   106
       Bread ration      |       |     1 |     2 |     5 |     1 ||     9
       Fruit             |       |       |     1 |     2 |     6 ||     9
       Pizza             |       |       |       |     1 |     1 ||     2
       Meat ration       |       |       |       |       |     4 ||     4
Armor: Robe              |     3 |     5 |    28 |    23 |    40 ||    99
Dodge: Dodged            |    14 |    25 |    97 |    99 |   158 ||   393
       Deflected         |     1 |       |     4 |     9 |     5 ||    19
Block: Other             |       |       |       |     5 |    31 ||    36
       Reflection        |       |       |       |       |     1 ||     1
